 Dungeon Crawl Stone Soup version 0.14-a0-1444-g21dc12d (webtiles) character file.

141141 PolkaDot the Imperceptible (level 16, -8/115 HPs)
             Began as a Vampire Enchanter on Dec 12, 2013.
             Was the Champion of Sif Muna.
             Mangled by the 27-headed Lernaean hydra (11 damage)
             ... on Level 5 of the Swamp.
             The game lasted 06:19:37 (41644 turns).

PolkaDot the Imperceptible (Vampire Enchanter)     Turns: 41644, Time: 06:19:38

HP  -8/115       AC  8     Str 10      XL: 16   Next: 72%
MP  17/29        EV 31     Int 17      God: Sif Muna [******]
Gold 2383        SH 13     Dex 23      Spells:  8 memorised,  2 levels left

rFire  + . .     SeeInvis +     d - +3,+2 cutlass (elec)
rCold  + + .     Clarity  .     l - +1 animal skin {rF+}
rNeg   + + +     Conserve +     e - +0 buckler
rPois  +         rCorr    +     V - +1 wizard hat
rElec  .         rRot     +     t - +1 dwarf cloak {rCorr, Cons}
SustAb . .       Spirit   .     M - +0 pair of gloves
rMut   .         Warding  .     q - +0 pair of boots {Stlth+}
Saprov . . .     Stasis   .     m - amulet of resist corrosion
                                O - +4 ring of evasion
                                H - ring of regeneration

@: non-regenerating, agile, very slightly contaminated, quite resistant to
hostile enchantments, uncannily stealthy
A: bottle blood, fangs 3, thin skeletal structure 1, see invisible, unbreathing
a: Bat Form, Bottle Blood, Channel Energy, Forget Spell, Renounce Religion


You were on level 5 of the Swamp.
You worshipped Sif Muna.
Sif Muna was exalted by your worship.
You were bloodless.

You visited 5 branches of the dungeon, and saw 34 of its levels.
You also visited: Labyrinth, Ice Cave and Volcano.

You collected 2799 gold pieces.
You spent 416 gold pieces at shops.

Inventory:

Hand weapons
 a - a +1,+2 orcish dagger of freezing
 b - a +4,+2 dwarven dagger of flaming
 d - a +3,+2 cutlass of electrocution (weapon)
 z - a +2,+1 vampiric cutlass
Armour
 e - a +0 buckler (worn)
 l - a +1 animal skin of fire resistance (worn)
 q - a +0 pair of boots of stealth (worn)
 t - a +1 dwarven cloak of preservation (worn)
 M - a +0 pair of gloves (worn)
 V - a +1 wizard hat (worn)
Magical devices
 o - a wand of disintegration (13)
 y - a wand of paralysis (8)
Scrolls
 u - 2 scrolls of remove curse
 A - 3 scrolls of fog
 J - a scroll of fear
 N - a scroll of teleportation
Jewellery
 m - an amulet of resist corrosion (around neck)
 H - a ring of regeneration (left hand)
 O - a +4 ring of evasion (right hand)
Potions
 c - a potion of resistance
 f - 5 potions of curing
 k - a potion of agility
 D - 2 potions of speed
 F - 10 potions of restore abilities
 L - 2 potions of heal wounds
Books
 g - a book of Burglary

   Spells                             Type                      Level
   Apportation                        Translocation                1
   Swiftness                          Charms/Air                   2
   Passwall                           Transmutation/Earth          3
   Passage of Golubria                Translocation                4
   Lee's Rapid Deconstruction         Earth                        5
   Darkness                           Hexes                        7
 n - a book of Dreams

   Spells                             Type                      Level
   *Ensorcelled Hibernation           Hexes/Ice                    2
   *Flight                            Charms/Air                   3
   Phase Shift                        Translocation                5
   Shadow Creatures                   Summoning                    5
   Mass Confusion                     Hexes                        6
   Darkness                           Hexes                        7
 W - a book of Enchantments

   Spells                             Type                      Level
   *Cause Fear                        Hexes                        4
   Silence                            Hexes/Air                    5
   Tukima's Dance                     Hexes                        5
   Deflect Missiles                   Charms/Air                   6
   Haste                              Charms                       6
   Discord                            Hexes                        8
Miscellaneous
 x - a legendary deck of war {the Elixir}


   Skills:
 - Level 7.3 Fighting
 - Level 10.0 Short Blades
 - Level 0.7 Throwing
 - Level 10.0 Dodging
 + Level 22.6 Stealth
 - Level 5.0 Shields
 * Level 6.3 Spellcasting
 - Level 19.9 Hexes
 - Level 13.2 Charms
 * Level 5.1 Air Magic


You had 2 spell levels left.
You knew the following spells:

 Your Spells              Type           Power        Failure   Level  Hunger
a - Corona                Hex            ######.      0%          1    None
b - Sure Blade            Hex/Chrm       ######....   1%          2    None
c - Confuse               Hex            ######..     0%          3    ##.....
d - Ensorcelled Hibernat  Hex/Ice        #####.       1%          2    None
e - Enslavement           Hex            ######..     1%          4    ####...
f - Cause Fear            Hex            ######....   1%          4    ####...
i - Invisibility          Hex            ######..     1%          6    #######
F - Flight                Chrm/Air       #####.....   1%          3    ##.....


Dungeon Overview and Level Annotations

Branches:
Dungeon (16/16)            Temple (1/1) D:7             Orc (4/4) D:12
   Lair (8/8) D:9           Swamp (5/5) Lair:3        Slime (0/6) Lair:7
 Vaults (0/5) D:14
    Elf: Orc:3-4     Shoals: Lair:3-6     Snake: Lair:3-6    Spider: Lair:3-6
 Depths: D:16

Altars:
Ashenzari
Cheibriados
Elyvilon
Fedhas
Kikubaaqudgha
Makhleb
Nemelex Xobeh
Okawaru
Sif Muna
Trog
Vehumet
Xom
Yredelemnul
Zin
the Shining One
Beogh
Jiyva

Shops:
D:4 !   D:9 =   D:13 [   Orc:3 (   Orc:4 (*+[

Annotations:
Lair:1 exclusion: oklob plant
Lair:5 Nergalle
Lair:6 4 exclusions
Lair:8 exclusion: 3 doors
Swamp:1 Rupert
Swamp:5 Lernaean hydra, Roxanne


Innate Abilities, Weirdness & Mutations

You do not heal naturally.
You can bottle blood from corpses.
You have razor-sharp teeth.*
You have supernaturally acute eyesight.
You can survive without breathing.*
You have a somewhat thin skeletal structure (Dex +2, Stlth).


Message History

The 27-headed Lernaean hydra closely misses you.
The 27-headed Lernaean hydra completely misses you.
You block the 27-headed Lernaean hydra's attack.
The 27-headed Lernaean hydra completely misses you.
The 27-headed Lernaean hydra misses you.
The 27-headed Lernaean hydra completely misses you.
The 27-headed Lernaean hydra misses you.
The 27-headed Lernaean hydra bites you.
* * * LOW HITPOINT WARNING * * *
The 27-headed Lernaean hydra completely misses you.
The 27-headed Lernaean hydra bites you but does no damage.
The 27-headed Lernaean hydra completely misses you.
The 27-headed Lernaean hydra closely misses you.
The 27-headed Lernaean hydra bites you!
* * * LOW HITPOINT WARNING * * *
The 27-headed Lernaean hydra bites you but does no damage.
The 27-headed Lernaean hydra bites you!
* * * LOW HITPOINT WARNING * * *
The 27-headed Lernaean hydra bites you!
You die...

...≈.#'####≈§≈≈≈≈§≈≈.
(...(......#≈≈≈≈%≈P≈≈.
8n..≈≈8≈8.(≈#≈≈≈≈%.≈♣♣♣
..≈.....f....'.≈≈≈≈≈≈♣♣
.$...⌠f.≈.....#.≈≈≈≈≈≈.♣♣
.............≈≈...≈≈≈≈≈≈≈♣
≈(.8≈≈..≈8.(≈([.≈♣♣♣§♣♣.≈≈
.....(.≈≈8.D..≈..≈♣
♣≈≈≈≈≈≈
.#.......D@#'####≈♣
♣♣♣≈≈≈≈
≈≈≈..(P.§8n'....##≈♣ ♣≈≈≈≈
≈.(#≈..f..§#.....#≈♣ ♣♣.≈≈
#≈8...8.#..φ..#♣♣ ♣.≈.
#.≈§§.≈§#(%.)%# ♣.♣♣
##.#!#.#.##.$?## ♣.♣♣
#≈≈≈.§.≈≈≈#####♣♣♣♣♣♣♣.♣♣
♣♣♣♣♣............[lD.D.♣≈
♣♣♣♣♣♣♣♣♣♣♣♣♣♣♣♣♣♣♣.≈


You could see the 27-headed Lernaean hydra, a swamp dragon and 2 bog bodies.

Vanquished Creatures
  Saint Roka (Orc:4)
  Nikola (Swamp:5)
  Maud (Lair:5)
  A frost giant (IceCv)
  Louise (Swamp:1)
  Jorgrun (Swamp:3)
  Azrael (D:14)
  An ettin (Orc:4)
  A minotaur (Lab)
  An ogre mage (D:14)
  Nessos (D:11)
  20 hydras
  Erica (Lair:5)
  9 death yaks
  14 alligators
  Urug (Orc:4)
  2 centaur warriors (D:14)
  An orc high priest (Orc:4)
  An unseen horror (D:12)
  8 swamp dragons
  An ice statue (IceCv)
  A wizard (D:14)
  2 orc knights
  4 hill giants
  5 red wasps
  A giant amoeba (Swamp:3)
  A necromancer (D:14)
  A red wasp (shapeshifter) (D:13)
  4 cyclopes
  A griffon (D:14)
  An oklob plant (Lair:5)
  2 orc sorcerers (Orc:4)
  4 elephants (Lair:6)
  Maurice (D:13)
  An octopode (D:15)
  A queen ant (Lair:8)
  A vapour (Swamp:5)
  21 spiny frogs
  5 black mambas
  5 fire drakes
  Grinder (D:6)
  7 trolls
  11 polar bears (IceCv)
  3 queen bees
  Sonja (D:15)
  A hydra zombie (D:8)
  7 komodo dragons
  24 slime creatures
  5 two-headed ogres
  8 blink frogs
  8 giant leeches
  A hydra skeleton (D:11)
  17 bog bodies
  A raven (Swamp:3)
  A griffon zombie (D:16)
  8 baby alligators
  A flying skull (Volcano)
  An ice dragon zombie (D:15)
  A basilisk (Lair:8)
  A wyvern (D:10)
  5 water elementals (D:15)
  15 ugly things
  3 fire elementals (D:14)
  7 hippogriffs
  An elephant slug (Lair:8)
  10 sharks
  2 vampires
  59 yaks
  25 wolves
  5 hell hounds
  30 vampire mosquitoes
  2 hungry ghosts
  A necrophage (D:3)
  An orange crystal statue (D:14)
  5 manticores
  6 porcupines
  28 swamp worms
  A mottled dragon (D:15)
  9 soldier ants
  A freezing wraith (D:14)
  18 swamp drakes
  5 phantoms
  A sky beast (D:14)
  2 black bears
  25 orc warriors
  2 yellow wasps
  14 ogres
  3 centaurs
  3 ice beasts
  15 crocodiles
  A boring beetle (Lair:8)
  2 wargs (Orc:4)
  5 tengu (D:11)
  2 big kobolds
  7 giant goldfish
  Duvessa (D:4)
  8 giant slugs
  22 water moccasins
  A giant slug zombie (D:15)
  12 giant frogs
  A silver statue (D:14)
  6 agate snails
  A brain worm (D:15)
  26 insubstantial wisps
  2 cyclops skeletons
  2 hippogriff zombies
  10 electric eels
  An eye of draining (D:15)
  66 killer bees
  16 jellyfish
  A yak skeleton (D:10)
  6 crimson imps
  6 wights
  Dowan (D:4)
  12 orc priests
  10 big fish
  A centaur zombie (D:5)
  5 goliath beetles
  6 jellies
  A gnoll shaman (D:4)
  10 hounds
  11 iguanas
  4 scorpions
  16 sheep
  25 orc wizards
  33 worker ants
  A sky beast zombie (D:8)
  Ijyb (D:2)
  A mottled dragon zombie (D:13)
  3 mummies
  27 green rats
  6 gnolls (D:4)
  A worker ant zombie (D:9)
  18 adders
  3 giant centipedes
  A steam dragon skeleton (D:9)
  A giant mite (D:3)
  12 white imps (D:13)
  4 worms
  An iguana zombie (D:9)
  3 giant eyeballs
  7 giant geckos
  An ooze (D:3)
  107 orcs
  A bat skeleton (D:4)
  26 goblins
  18 hobgoblins
  11 jackals
  17 kobolds
  9 quokkas
  3 ball pythons
  22 bats
  9 giant cockroaches
  8 giant newts
  A giant newt skeleton (D:4)
  A hobgoblin skeleton (D:4)
  A quokka zombie (D:8)
  24 rats
  A rat skeleton (D:4)
  A ballistomycete (D:6)
  A butterfly (Lair:3)
  A fungus (Swamp:4)
1236 creatures vanquished.

Vanquished Creatures (collateral kills)
  A death yak (IceCv)
  An orc knight (Orc:4)
  2 polar bears (IceCv)
  An orc warrior (Orc:4)
  2 wargs (Orc:4)
  2 orc wizards (Orc:4)
  An orc priest (Orc:4)
10 creatures vanquished.

Vanquished Creatures (others)
  5 slime creatures (D:14)
  A yak (D:14)
  A blink frog skeleton (D:14)
  An orc wizard (Orc:4)
  7 orcs
  A giant spore (D:6)
  A goblin (Orc:1)
  A bush (Swamp:5)
  10 fungi
  4 plants
32 creatures vanquished.

Grand Total: 1278 creatures vanquished

Notes
Turn   | Place    | Note
--------------------------------------------------------------
     0 | D:1      | PolkaDot, the Vampire Enchanter, began the quest for the Orb.
     0 | D:1      | Reached XP level 1. HP: 13/13 MP: 3/3
   175 | D:1      | Reached XP level 2. HP: 5/19 MP: 4/4
   317 | D:1      | Reached skill level 5 in Hexes
   543 | D:1      | Reached XP level 3. HP: 6/24 MP: 6/6
   646 | D:1      | Learned a level 3 spell: Confuse
   963 | D:2      | Noticed Ijyb
   984 | D:2      | Killed Ijyb
  1206 | D:2      | Reached XP level 4. HP: 18/30 MP: 7/7
  1806 | D:3      | Found a sparkling altar of Nemelex Xobeh.
  1942 | D:3      | Noticed a necrophage
  1990 | D:3      | Killed a necrophage
  1990 | D:3      | Reached skill level 1 in Shields
  1990 | D:3      | Reached skill level 6 in Hexes
  1990 | D:3      | Reached XP level 5. HP: 35/35 MP: 0/9
  2153 | D:3      | Noticed a giant frog
  2163 | D:3      | Killed a giant frog
  2163 | D:3      | Reached skill level 5 in Stealth
  2163 | D:3      | Reached XP level 6. HP: 39/41 MP: 10/10
  2603 | D:3      | Reached skill level 7 in Hexes
  2695 | D:4      | Found Umo Nasa's Distillery.
  2703 | D:4      | Noticed Duvessa
  2707 | D:4      | Noticed Dowan
  2780 | D:4      | Killed Duvessa
  2828 | D:4      | Killed Dowan
  3469 | D:4      | Reached XP level 7. HP: 12/46 MP: 12/12
  3517 | D:4      | Learned a level 6 spell: Invisibility
  3533 | D:4      | Reached skill level 8 in Hexes
  4473 | D:5      | Entered Level 5 of the Dungeon
  5062 | D:5      | Reached skill level 9 in Hexes
  5133 | D:5      | Paralysed by a giant eyeball for 4 turns
  5164 | D:5      | Identified a +0 dwarven cloak of preservation (You found it on level 5 of the Dungeon)
  5362 | D:5      | Found a white marble altar of Elyvilon.
  5380 | D:5      | Reached XP level 8. HP: 52/52 MP: 13/13
  5673 | D:6      | Found a snail-covered altar of Cheibriados.
  5732 | D:6      | Reached skill level 10 in Hexes
  5750 | D:6      | Found a white marble altar of Elyvilon.
  5920 | D:6      | Noticed Grinder
  5929 | D:6      | Killed Grinder
  6024 | D:6      | Reached skill level 11 in Hexes
  6313 | D:6      | Reached skill level 5 in Shields
  6684 | D:7      | Found a staircase to the Ecumenical Temple.
  6698 | Temple   | Entered the Ecumenical Temple
  6794 | Temple   | Became a worshipper of Sif Muna the Loreminder
  6998 | D:7      | Reached XP level 9. HP: 57/57 MP: 14/14
  7746 | D:8      | Reached skill level 12 in Hexes
  7828 | D:8      | Learned a level 2 spell: Ensorcelled Hibernation
  8020 | D:8      | Found a glowing silver altar of Zin.
  8150 | D:8      | Reached skill level 10 in Stealth
  8312 | D:8      | Reached skill level 13 in Hexes
  8324 | D:8      | Acquired Sif Muna's first power
  8328 | D:8      | Reached skill level 5 in Short Blades
  8716 | D:9      | Found a staircase to the Lair.
  8760 | D:9      | Reached skill level 14 in Hexes
  8760 | D:9      | Reached XP level 10. HP: 22/63 MP: 4/16
  9677 | D:9      | Found Kloanih's Jewellery Boutique.
  9689 | D:9      | Acquired Sif Muna's second power
  9734 | D:9      | Bought an uncursed amulet of inaccuracy for 26 gold pieces
  9734 | D:9      | Bought an uncursed ring of regeneration for 390 gold pieces
  9836 | D:9      | Reached skill level 15 in Hexes
 10051 | D:10     | Entered Level 10 of the Dungeon
 11463 | D:11     | Learned a level 2 spell: Sure Blade
 11521 | D:11     | Reached XP level 11. HP: 68/68 MP: 16/20
 11643 | D:11     | Noticed Nessos
 11654 | D:11     | Killed Nessos
 11654 | D:11     | Reached skill level 16 in Hexes
 11660 | D:11     | Learned a level 4 spell: Enslavement
 11743 | D:11     | Reached skill level 1 in Charms
 12263 | Lair:1   | Entered Level 1 of the Lair of Beasts
 12265 | Lair:1   | dondy: you killed that Cj :<
 12268 | Lair:1   | dondy: murderer! :<
 12268 | Lair:1   | PolkaDot: I did
 12268 | Lair:1   | PolkaDot: Got careless and forgot to watch the mp >.>;
 12268 | Lair:1   | PolkaDot: Snork, I thin was the unique's name
 12268 | Lair:1   | dondy: ah, that troll leather guy D:
 12268 | Lair:1   | PolkaDot: Big bad troll, berserked... Poison nearly got him, but alas... ^^;
 12268 | Lair:1   | PolkaDot: Kind of embarrasing really
 12268 | Lair:1   | PolkaDot: P.Cloud and meph could take out most things living
 12268 | Lair:1   | PolkaDot: him included
 12268 | Lair:1   | PolkaDot: if I kept enough for meph... Well >.<
 12268 | Lair:1   | dondy: overusing meph is suicidal though
 12268 | Lair:1   | PolkaDot: I was careful with it
 12268 | Lair:1   | PolkaDot: only using it a t a distance on new things
 12268 | Lair:1   | PolkaDot: to see how susceptible they were
 12268 | Lair:1   | dondy: ah
 12268 | Lair:1   | PolkaDot: and if it worked, posion awaayyy
 12365 | Lair:1   | dondy: well, stabbing should take you pretty far
 12390 | Lair:1   | dondy: though you don't have kikus pain brand :<
 12405 | Lair:1   | PolkaDot: pain brand's more for the meleeing side of things anyways
 12405 | Lair:1   | PolkaDot: which I intend to avoid
 12405 | Lair:1   | dondy: pain brand makes a dagger look good for meleeing stuff :p
 12405 | Lair:1   | PolkaDot: though that was atough decision :)
 12405 | Lair:1   | PolkaDot: I have got a cutlass if it comes to that ^^;
 12405 | Lair:1   | PolkaDot: but yeah
 12405 | Lair:1   | PolkaDot: avoiding
 12437 | Lair:1   | PolkaDot: all fights are now on my terms ;p
 12546 | Lair:1   | dondy: it's kinda sad if you get snake on this guy
 12555 | Lair:1   | dondy: iirc they all see invis >.>...
 12555 | Lair:1   | PolkaDot: Lolyes
 12555 | Lair:1   | PolkaDot: Snake can be rough...
 12555 | Lair:1   | PolkaDot: though
 12555 | Lair:1   | PolkaDot: I did ninja it with a VpEn of Ash once
 12632 | Lair:1   | Found a dark tunnel.
 12639 | Lair:1   | dondy: lol
 12639 | Lair:1   | PolkaDot: No rF D;
 12639 | Lair:1   | dondy: well, go inside and find some x3
 12639 | Lair:1   | PolkaDot: Guess I'll check the layout
 12639 | Lair:1   | dondy: also, got a freezing puff wand?
 12639 | Lair:1   | dondy: or did you just not pick those up again? :P
 12649 | Lair:1   | PolkaDot: nothing cold xP
 12649 | Lair:1   | dondy: well...good luck in there x3
 12659 | Lair:1   | PolkaDot: thanks :)
 12660 | Volcano  | Entered a volcano
 12852 | Volcano  | dondy: close the door
 12857 | Volcano  | PolkaDot: ??
 12875 | Volcano  | dondy: stop fire clouds from entering D:
 12879 | Volcano  | dondy: eventually...
 12879 | Volcano  | PolkaDot: ^^;
 12893 | Volcano  | dondy: yes
 12895 | Volcano  | dondy: lol
 12895 | Volcano  | PolkaDot: eep xD
 12985 | Volcano  | dondy: bloodless? :s
 13002 | Volcano  | dondy: go invis before
 13002 | Volcano  | PolkaDot: apparently
 13031 | Volcano  | dondy: animal skin! :<
 13035 | Volcano  | PolkaDot: lol no
 13035 | Volcano  | dondy: it's like a robe but with rF! D:
 13035 | Volcano  | PolkaDot: :p
 13035 | Volcano  | PolkaDot: But
 13035 | Volcano  | PolkaDot: hang on
 13049 | Volcano  | PolkaDot: huh, not bad actually
 13074 | Volcano  | dondy: well, it's a robe :p
 13232 | Volcano  | PolkaDot: xD
 13294 | Volcano  | dondy: i wouldn't explore this further...
 13305 | Volcano  | dondy: there was a exit to the right >.>
 13305 | Volcano  | PolkaDot: >.>
 13305 | Volcano  | PolkaDot: I'm paying any attention today
 13324 | Lair:1   | dondy: heh
 13324 | Lair:1   | PolkaDot: I'm not*
 13372 | Lair:1   | dondy: also, that ring of fire hurts your EH spell
 13412 | Lair:1   | PolkaDot: Crikey
 13412 | Lair:1   | PolkaDot: I don't normally miss that detail
 13412 | Lair:1   | PolkaDot: :s
 13412 | Lair:1   | dondy: i totally believe you >.>....
 13414 | Lair:1   | PolkaDot: xD
 13414 | Lair:1   | dondy: really...
 13414 | Lair:1   | PolkaDot: I've usually got rings that don't hurt me on, at least
 13414 | Lair:1   | dondy: god i'm bad at lying.
 13488 | Lair:1   | dondy: hi somebody :)
 13502 | Lair:1   | Acquired Sif Muna's third power
 13502 | Lair:1   | dondy: how's your DE doing? :)
 13726 | Lair:2   | Somebody: Hi. Very well. It's still a DECj of Kiku.
 13739 | Lair:2   | Somebody: ...not yet of Chei. :)
 13789 | Lair:2   | Somebody: ...or of TSO.
 13796 | Lair:2   | dondy: lol
 13835 | Lair:2   | Somebody: I have memorized DD at the cost of amnesiating Haste.
 13842 | Lair:2   | Somebody: (I don't like that spell.)
 13890 | Lair:2   | dondy: you don't like haste?
 13896 | Lair:2   | Somebody: Yes, very much so.
 13934 | Lair:2   | Noticed a seven-headed hydra
 13937 | Lair:2   | dondy: hmm, but it's a pretty strong spell
 13941 | Lair:2   | Killed a seven-headed hydra
 13941 | Lair:2   | Reached skill level 5 in Charms
 14120 | Lair:2   | Somebody: It causes contamination and is bothersome to cast.
 14204 | Lair:2   | Somebody: ...besides, I have had to choose between DD and Haste.
 14225 | Lair:2   | Somebody: Good wake up call.
 14305 | Lair:2   | dondy: oh well, you will probably like chei then :>
 14305 | Lair:2   | Somebody: I'll learn how to cBlink before converting, this to be sure.
 14306 | Lair:2   | Somebody: PolkaDot: Have you looked into your rc file? I notice that your health indicators are a bit different.
 14306 | Lair:2   | PolkaDot: hm?
 14519 | Lair:2   | Somebody: Numbers are in blue. Either that, or the vampires have changed recently.
 14520 | Lair:2   | PolkaDot: I dunno what's going on there
 14520 | Lair:2   | PolkaDot: It's not like that for you?
 14520 | Lair:2   | PolkaDot: as in, in your game?
 14586 | Lair:2   | Somebody: I think not. I'll see the change log and my game.
 14589 | Lair:2   | PolkaDot: huh
 14601 | Lair:3   | Found a staircase to the Swamp.
 14602 | Lair:3   | PolkaDot: w00t :D
 14602 | Lair:3   | PolkaDot: I like swamp :)
 14627 | Lair:3   | Somebody: Nothing wrong with the changelog.
 14639 | Lair:3   | PolkaDot: :s
 14711 | Lair:3   | Somebody: Speaking of swamp, have you ever seen a message "Lernaean Hydra looks frighttened"?
 14717 | Lair:3   | dondy: hmm, dunnoh - swamp is ok but shoals has loot :/
 14741 | Lair:3   | Somebody: ...and the "...explodes"?
 14741 | Lair:3   | dondy: lol
 14741 | Lair:3   | PolkaDot: I like shoals also ;p
 14741 | Lair:3   | dondy: lol
 14741 | Lair:3   | PolkaDot: They're both easy for this build
 14741 | Lair:3   | PolkaDot: Well
 14741 | Lair:3   | PolkaDot: shoals is easy if I get flight
 14741 | Lair:3   | Somebody: If you have a good Hexes skill, you still might. :)
 14741 | Lair:3   | PolkaDot: a bit more irritating if I gotta rely on a ring or something >.>
 14741 | Lair:3   | PolkaDot: good?
 14741 | Lair:3   | PolkaDot: Merely god?
 14741 | Lair:3   | PolkaDot: :P
 14741 | Lair:3   | PolkaDot: good*
 14741 | Lair:3   | PolkaDot: but god works too
 14741 | Lair:3   | PolkaDot: A little excessive, even
 14741 | Lair:3   | dondy: yeah, the ring is kinda annoying
 14742 | Lair:3   | PolkaDot: brb, phone call
 14742 | Lair:3   | Somebody: Good patience. I am back to my so-called DE Conjurer.
 14742 | Lair:3   | Somebody: I'll see you before converting to the Chei. I haven't found the altar yet, by the way.
 14742 | Lair:3   | dondy: good luck somebody :)
 14742 | Lair:3   | dondy: hu?
 14742 | Lair:3   | dondy: you definitely have a altar in pre-lair dungeon
 14742 | Lair:3   | Somebody: Hmm. I have checked both Temple and Dungeon.
 14742 | Lair:3   | dondy: did you get a corrupted temple?
 14743 | Lair:3   | Somebody: No.
 14743 | Lair:3   | dondy: did you check the dungeon from 1 - 9?
 14743 | Lair:3   | Somebody: Not again, but I have explored it fully before descending.
 14896 | Lair:3   | PolkaDot: Did you check each level for all stairs?
 14959 | Lair:3   | Somebody: This, I have not done. Thanks.
 15114 | Lair:3   | Reached XP level 12. HP: 74/74 MP: 11/22
 15116 | Lair:3   | Somebody: My indicators are also blue. Must be a cosmetic change.
 15123 | Lair:3   | PolkaDot: :)
 15227 | Lair:3   | Somebody: ...and it turns out I haven't amnesiated Haste, but Agony instead of it. Yet.
 15266 | Lair:3   | Somebody: I am considering amnesiating it in favour of Haunt.
 15266 | Lair:3   | PolkaDot: I have yet to understand the need for amnesiating things to that degree ^^;
 15641 | Lair:4   | Somebody: I do like Spellcasting titles less than Necromancy ones, and I cannot have *this* much spell slots in any case.
 15900 | Lair:4   | dondy: if you want to use agony you better full power it :s
 15919 | Lair:4   | dondy: that's like 18 nec on a DE
 16147 | Lair:4   | Somebody: I have a robe of Archmagi and *about* full power, but I have started to lose faith in it when it have failed to work three times in a row against the L.Hydra.
 16147 | Lair:4   | dondy: 18 nec if you have a staff of death or such
 16214 | Lair:4   | Somebody: Well, I have had 16 at that point.
 16214 | Lair:4   | dondy: about full power is not good enough - also you have bolt of draining which is better anyways
 16215 | Lair:4   | dondy: also, run dot ruuun :<
 16218 | Lair:4   | Somebody: How is it better? It's different.
 16228 | Lair:4   | PolkaDot: dondy: I was just testing
 16228 | Lair:4   | dondy: well, it doesn't check MR and does similar damage :p
 16228 | Lair:4   | PolkaDot: wasn't about to let invis run about near Death Yaks xD
 16400 | Lair:5   | Somebody: By the way, the indicators colour change makeses a lot of sense.
 16403 | Lair:5   | dondy: also it hits multiple things and is quiet, i'd call that plain better
 16407 | Lair:5   | Reached skill level 15 in Stealth
 16408 | Lair:5   | Noticed Nergalle
 16411 | Lair:5   | dondy: for the same level
 16424 | Lair:5   | dondy: also, i totally belive you PolkaDot, ofc you wouldn't do that >.>...
 16424 | Lair:5   | Somebody: Thanks, it's reassuring, although I am still don't agree with you.
 16487 | Lair:5   | Somebody: Why are you having those surges of power?
 16487 | Lair:5   | Somebody: Is it a vampire race feature?
 16487 | Lair:5   | PolkaDot: no faith ;p
 16487 | Lair:5   | PolkaDot: somebody the power of my spells, I think
 16492 | Lair:5   | Noticed Erica
 16494 | Lair:5   | Somebody: No, it's an enchancer.
 16494 | Lair:5   | dondy: ring of ice empowers EH
 16494 | Lair:5   | dondy: because it's a ice spell
 16527 | Lair:5   | Somebody: Ah, ring of Ice.
 16530 | Lair:5   | Noticed Maud
 16533 | Lair:5   | Killed Erica
 16538 | Lair:5   | Somebody: Cheater. :P
 16538 | Lair:5   | PolkaDot: Damn wolves
 16541 | Lair:5   | Somebody: Also, run. :)
 16574 | Lair:4   | PolkaDot: still no faith ;p
 16639 | Lair:4   | Somebody: dondy: I'll do some testing and see whether I can agree with you on Agony vs BoD.
 16639 | Lair:4   | dondy: oh you don't have to agree, i'm just stating my opinion :)
 16639 | Lair:4   | Somebody: ...for the record, I have two enhancers for the BoD.
 16657 | Lair:5   | dondy: i guess the mr check is like missing with the bolt, i'd still prefer the bolt
 16750 | Lair:5   | dondy: BOOOTS
 16750 | Lair:5   | Got a pair of pitted boots
 16753 | Lair:5   | Identified the cursed -3 pair of boots of Perpetual Drought {+Blink Str-3 Acc-5} (You found it on level 5 of the Lair of Beasts)
 16753 | Lair:5   | dondy: GUD BOOTS
 16755 | Lair:5   | dondy: xD
 16755 | Lair:5   | PolkaDot: >.>
 16801 | Lair:4   | dondy: you really dislike waiting off that contam, eh? :p
 16820 | Lair:4   | PolkaDot: xD
 16837 | Lair:4   | PolkaDot: now shush ;p
 16837 | Lair:4   | PolkaDot: But eh
 16837 | Lair:4   | dondy: did i say anything? :p
 16837 | Lair:4   | PolkaDot: Two casts can be done without glow
 16837 | Lair:4   | PolkaDot: but it is less than ideal :)
 16839 | Lair:5   | dondy: you can also get yellow contam with one cast
 16839 | Lair:5   | dondy: at least that's what bmfx got
 16839 | Lair:5   | PolkaDot: :s
 16839 | Lair:5   | dondy: or said he got
 16839 | Lair:5   | PolkaDot: never had that
 16839 | Lair:5   | dondy: me neither
 16852 | Lair:5   | dondy: but bmfx is really lucky with poop
 16864 | Lair:5   | dondy: simulacra, and you don't have kiku q.q
 16870 | Lair:5   | PolkaDot: xD
 16870 | Lair:5   | PolkaDot: ;P
 16921 | Lair:6   | dondy: or you could try the new worst spell in the game...
 16927 | Lair:6   | dondy: twisted ressurection x3
 17027 | Lair:6   | Reached skill level 5 in Dodging
 17412 | Lair:6   | dondy: try sureblade when stabbing confused things
 17415 | Lair:6   | PolkaDot: more damage
 17415 | Lair:6   | PolkaDot: I should
 17415 | Lair:6   | PolkaDot: I really should> .>
 17556 | Lair:6   | dondy: also, recasting it increases its to hit
 17556 | Lair:6   | PolkaDot: ...
 17556 | Lair:6   | dondy: awwh, SNAEK :<
 17556 | Lair:6   | PolkaDot: Snake D;
 17618 | Lair:6   | PolkaDot: deal with it another time >.>
 17891 | Lair:7   | Reached skill level 10 in Charms
 18227 | Lair:7   | dondy: hmm, sif didn't gift anything yet, right? D:
 18229 | Lair:7   | PolkaDot: not yet
 18229 | Lair:7   | PolkaDot: one * to go
 18337 | Lair:7   | Received a gift from Sif Muna
 18340 | Lair:7   | Reached XP level 13. HP: 79/79 MP: 16/23
 18449 | Lair:7   | Somebody: I'd like your opinion on something.
 18460 | Lair:7   | PolkaDot: hmm?
 18470 | Lair:7   | Somebody: How much gold do you aim to have before entering an unannounced Bazaar?
 18497 | Lair:7   | PolkaDot: ...
 18497 | Lair:7   | PolkaDot: Shouldn't you always enter it straight away?
 18497 | Lair:7   | PolkaDot: because the timer is still there?
 18604 | Lair:7   | Found a viscous altar of Jiyva.
 18632 | Lair:7   | Somebody: No, some don't expire.
 18633 | Lair:7   | dondy: if you're sure it won't go away maybe get around 1-2k gold
 18660 | Lair:7   | Found a staircase to the Slime Pits.
 18786 | Lair:7   | Somebody: I have 2k gold pieces, but I am not sure I will be able to afford something like Elemental Staff.
 18849 | Lair:5   | Killed Maud
 18886 | Lair:2   | Somebody: Okay.
 18905 | Lair:2   | dondy: you really won't be able to afford that anyhow D:
 18920 | Lair:2   | PolkaDot: when did I pick up that o.O
 18921 | Lair:2   | dondy: ohhh
 18921 | Lair:2   | dondy: uhhhm, dunnoh D:
 18921 | Lair:2   | PolkaDot: good book though :D
 18921 | Lair:2   | Somebody: Good cloak you have there.
 18923 | Lair:2   | PolkaDot: yup :)
 18923 | Lair:2   | PolkaDot: random drop
 18925 | Lair:2   | Somebody: Sub-optimal Bazaar, only a few scrolls of cBlink, which is nice, and several scrolls of EW, all of which have failed to work on my quick blade...
 18925 | Lair:2   | PolkaDot: xD
 18925 | Lair:2   | PolkaDot: unlucky
 18925 | Lair:2   | Somebody: cBlink is good, other things, not so much. I haven't even bough a single potion of beMut.
 18925 | Lair:2   | dondy: well, at least you shouldn't have to rely on the quick blade if you want to switch to chei :>
 18925 | Lair:2   | Somebody: Although, credit where it's due, I have already quaffed two.
 18925 | Lair:2   | Somebody: dondy: You are at it again. :p
 18957 | Lair:4   | dondy: but it's true :<
 19000 | Lair:6   | Somebody: It does not have a speed brand, why would Chei dislike it?
 19013 | Lair:7   | dondy: because it's the fastest weapon in the game D:
 19048 | Lair:7   | Somebody: Envy, then.
 19182 | Lair:7   | dondy: it doesn't even need speed brand, ask in ##crawl :/
 19184 | Lair:8   | Entered Level 8 of the Lair of Beasts
 19185 | Lair:8   | PolkaDot: qblade can't even have speed brand :p
 19185 | Lair:8   | PolkaDot: and for good reason
 19185 | Lair:8   | Somebody: :)
 19202 | Lair:8   | dondy: meh, the chei learndb entry really is crap
 19205 | Lair:8   | Somebody: 0.1 attack speed and pain brand would be... Interesting.
 19502 | Lair:8   | Reached skill level 17 in Stealth
 19539 | Lair:8   | dondy: quaff the yaks
 19539 | Lair:8   | PolkaDot: Hm?
 19553 | Lair:8   | dondy: why didn't you drain the yak corpses?
 19559 | Lair:8   | dondy: or at least bottle them...
 19559 | Lair:8   | PolkaDot: I should bottle
 19559 | Lair:8   | PolkaDot: got branches coming up...
 19612 | Lair:8   | dondy: also, your stealth is too low :>
 19653 | Lair:8   | dondy: ah, k :>
 19653 | Lair:8   | PolkaDot: hrm?
 19653 | Lair:8   | PolkaDot: liiiieeeesss
 19653 | Lair:8   | dondy: training it
 19653 | Lair:8   | dondy: well, you couldn't make that elephant slug go poof :p
 19653 | Lair:8   | PolkaDot: xD
 19653 | Lair:8   | Somebody: dondy: Bad wiki is bad, but it seems to agree with you.
 19663 | Lair:8   | dondy: bad wiki isn't too bad really
 19668 | Lair:8   | PolkaDot: so long as you know enough to know what;s bad ;p
 19669 | Lair:8   | Somebody: Well, no Chei then. I love my quick blade of pain a lot.
 19762 | Lair:8   | dondy: that's a reasonable decision - quick blade or not :>
 19947 | Lair:8   | Somebody: :)
 19947 | Lair:8   | PolkaDot: o.O
 19947 | Lair:8   | dondy: sleep it
 19951 | Lair:8   | dondy: or get sure blade
 19973 | Lair:8   | dondy: sure blade so you don't miss while it's confused :p
 19974 | Lair:8   | Somebody: ...which reminds me, I should get S.Blade.
 19974 | Lair:8   | PolkaDot: I know
 19974 | Lair:8   | PolkaDot: but
 19974 | Lair:8   | PolkaDot: I don't want to melee with a hydra
 19974 | Lair:8   | PolkaDot: >.>
 19974 | Lair:8   | dondy: *makes chicken sounds* :p
 19978 | Lair:8   | Somebody: I have already trained Hexes, during my Conjurer's career.
 19978 | Lair:8   | PolkaDot: Oh look, I (un)liiiiiive :p
 19990 | Lair:8   | dondy: *makes even louder chicken sounds* !! :p
 19991 | Lair:8   | dondy: hehehe
 20034 | Lair:8   | PolkaDot: ugh
 20034 | Lair:8   | PolkaDot: Demons
 20034 | Lair:8   | dondy: don't do it
 20034 | Lair:8   | PolkaDot: well, duh
 20034 | Lair:8   | PolkaDot: :P
 20037 | Lair:8   | dondy: the sun demon will kick your butt
 20041 | Lair:8   | PolkaDot: I know
 20041 | Lair:8   | PolkaDot: been there
 20041 | Lair:8   | PolkaDot: done that
 20041 | Lair:8   | PolkaDot: ouch
 20337 | Lair:8   | dondy: ouch describes it pretty well
 20747 | Lair:8   | dondy: good luck with things! i'll do some homework crap :)
 20747 | Lair:8   | PolkaDot: Yeah
 20747 | Lair:8   | PolkaDot: I'mma pick an entrance and get to cooking
 20747 | Lair:8   | PolkaDot: A tad late, but nvm
 21161 | Swamp:1  | Entered Level 1 of the Swamp
 21169 | Swamp:1  | Noticed Louise
 21181 | Swamp:1  | Killed Louise
 21513 | Swamp:1  | Reached XP level 14. HP: 85/85 MP: 16/24
 21773 | Swamp:1  | Noticed Rupert
 21909 | Swamp:1  | Reached skill level 10 in Dodging
 22030 | Swamp:1  | Reached skill level 18 in Stealth
 22333 | Swamp:2  | Learned a level 4 spell: Cause Fear
 23314 | Swamp:2  | Reached skill level 19 in Stealth
 23950 | Swamp:3  | Noticed Jorgrun
 23960 | Swamp:3  | Killed Jorgrun
 24011 | Swamp:3  | HP: 1/85 [alligator (13)]
 24231 | Lair:1   | Learned a level 2 spell: Sure Blade
 25429 | Swamp:3  | Reached skill level 20 in Stealth
 26229 | Swamp:4  | Received a gift from Sif Muna
 26230 | Swamp:4  | Identified Sif Muna's Grimoire of Execration (Sif Muna gifted it to you on level 4 of the Swamp)
 26298 | Swamp:4  | Reached XP level 15. HP: 62/90 MP: 22/25
 26995 | Swamp:5  | Entered Level 5 of the Swamp
 27022 | Swamp:5  | Noticed Nikola
 27180 | Swamp:4  | Reached skill level 21 in Stealth
 27266 | Swamp:5  | Noticed Roxanne
 27707 | Swamp:5  | Reached skill level 10 in Short Blades
 27807 | Swamp:5  | Somebody: Hi.
 27808 | Swamp:5  | PolkaDot: Hey
 27808 | Swamp:5  | PolkaDot: Swamp:5 has not gone well
 27808 | Swamp:5  | PolkaDot: and attempting to get to the stairs has been fun xD
 27808 | Swamp:5  | PolkaDot: I just wan tit to go back to sleep ^^;
 27809 | Swamp:5  | Somebody: :)
 27827 | Swamp:4  | PolkaDot: and there we go
 27827 | Swamp:4  | PolkaDot: so, how's the DE stuff doing?
 27828 | Swamp:4  | Somebody: I have amnesiated Haste to get Haunt.
 27855 | Swamp:3  | Somebody: (After an almost fatal encounter with Mennas.)
 27855 | Swamp:3  | PolkaDot: mhmm
 27855 | Swamp:3  | PolkaDot: ohhh
 27855 | Swamp:3  | PolkaDot: mennas
 27855 | Swamp:3  | PolkaDot: he's nasty
 27895 | Lair:3   | Somebody: He was not nasty. I was silly and too slow to realize that my melee damage won't punch through and he is too strong even for a legion of Hasted giant zombies.
 27895 | Lair:3   | PolkaDot: Mennas is always nasty, that's why you should never be silly ;p
 27895 | Lair:3   | Somebody: I have a feeling that Haunt might work well enough, though.
 27895 | Lair:3   | PolkaDot: Mebbe :)
 27895 | Lair:3   | PolkaDot: I've never fought him so I really couldn't say ^^;
 27895 | Lair:3   | Somebody: Hasted minions are good, though. I will get Haste back online. They were Mara's demise. :)
 27895 | Lair:3   | PolkaDot: Haste is always fun ;p
 27895 | Lair:3   | PolkaDot: also good for the orb run
 27895 | Lair:3   | Somebody: You are playing as a VpEn. Be prepared to find him. ;)
 27895 | Lair:3   | PolkaDot: Ugghh
 27895 | Lair:3   | PolkaDot: I'll hide xP
 27895 | Lair:3   | PolkaDot: Vp is good at that ;D
 28042 | D:12     | Somebody: His halo is not very large, you might survive yet. Just remember that he's fast.
 28045 | D:12     | PolkaDot: hopefully he'll be asleep and on the edge of los when I first see him
 28045 | D:12     | PolkaDot: and thus easy to avoid :)
 28062 | D:12     | Somebody: :)
 28391 | D:12     | Somebody: I could actually use you opinion on something. Come when you want a break.
 28440 | D:12     | Reached skill level 1 in Fighting
 28890 | D:12     | Noticed an unseen horror
 28894 | D:12     | Killed an unseen horror
 29186 | D:12     | Found a staircase to the Orcish Mines.
 29352 | D:13     | Found a frozen archway.
 29352 | D:13     | Noticed Maurice
 29357 | D:13     | Killed Maurice
 29438 | IceCv    | Entered an ice cave
 31584 | IceCv    | Identified a +3 rod of warding (12/12) (You found it in an ice cave)
 31795 | D:13     | Paralysed by a red wasp for 2 turns
 31797 | D:13     | Paralysed by a red wasp for 2 turns
 32052 | D:13     | Found Iheusaza's Armour Shoppe.
 32453 | D:14     | Found a labyrinth entrance.
 32480 | D:14     | Reached skill level 5 in Fighting
 32539 | Lab      | Entered a labyrinth
 33434 | Lab      | Identified the Volume of Boosting Orientation
 33437 | Lab      | Identified Sif Muna's Handbook of Contamination
 33510 | D:14     | Noticed Azrael
 34912 | D:14     | Killed Azrael
 35001 | D:14     | Reached skill level 22 in Stealth
 35111 | D:14     | Found a gate to the Vaults.
 35227 | D:14     | Paralysed by an ogre mage for 3 turns
 35267 | D:14     | Reached XP level 16. HP: 112/112 MP: 15/26
 35648 | D:15     | Entered Level 15 of the Dungeon
 36265 | D:15     | Noticed Sonja
 36286 | D:15     | Killed Sonja
 36929 | D:16     | Entered Level 16 of the Dungeon
 36950 | D:16     | Found a bloodstained altar of Trog.
 37204 | Lair:2   | Identified a scroll of acquirement
 37378 | Orc:1    | Entered Level 1 of the Orcish Mines
 38002 | Orc:3    | Found a roughly hewn altar of Beogh.
 38002 | Orc:3    | Found Kuadd's Antique Weapon Boutique.
 38429 | Orc:4    | Entered Level 4 of the Orcish Mines
 38773 | Orc:4    | Noticed Urug
 38774 | Orc:4    | Noticed Saint Roka
 39065 | Orc:4    | Gained mutation: You have a somewhat thin skeletal structure (Dex +2, Stlth). [mutagenic glow]
 39460 | Orc:4    | Reached skill level 5 in Spellcasting
 39944 | Orc:4    | Learned a level 3 spell: Flight
 39971 | Orc:4    | Found a roughly hewn altar of Beogh.
 39976 | Orc:4    | Found Reolesus' General Store.
 39993 | Orc:4    | Killed Urug
 39993 | Orc:4    | Reached skill level 1 in Air Magic
 40067 | Orc:4    | Killed Saint Roka
 40276 | Orc:4    | Found Ceeckok's Antique Weapon Emporium.
 40298 | Orc:4    | Found Cuimuinta's Antique Armour Emporium.
 40349 | Orc:4    | Found Ghyphyr's Book Emporium.
 41080 | Swamp:5  | Noticed the 27-headed Lernaean hydra
 41090 | Swamp:5  | Somebody: Hi. I see you have got TLH Swamp ending too. Nice.
 41090 | Swamp:5  | PolkaDot: it's proving difficult
 41184 | Swamp:5  | Somebody: How are you holding up, otherwise?
 41193 | Swamp:5  | PolkaDot: pretty well
 41193 | Swamp:5  | PolkaDot: contam gave me a good mut in Orc:4
 41193 | Swamp:5  | PolkaDot: :)
 41218 | Swamp:5  | dondy: don't tab in water
 41218 | Swamp:5  | dondy: also HAIDRAAA
 41225 | Swamp:5  | dondy: you have "unstable footing in water"
 41225 | Swamp:5  | PolkaDot: I'm not *in* water
 41225 | Swamp:5  | dondy: oh duh
 41225 | Swamp:5  | PolkaDot: :p
 41225 | Swamp:5  | dondy: butbut...
 41225 | Swamp:5  | PolkaDot: I wouldn't melee a hydra like that anyways
 41225 | Swamp:5  | dondy: yeah >.>...
 41225 | Swamp:5  | PolkaDot: Well
 41225 | Swamp:5  | PolkaDot: maybe with a flaming sabre
 41225 | Swamp:5  | Somebody: Can I see your 'A' and 'i'?
 41225 | Swamp:5  | Somebody: Very nice.
 41225 | Swamp:5  | PolkaDot: onemut, that I liiiike
 41225 | Swamp:5  | dondy: that's pretty great on a stabber
 41225 | Swamp:5  | dondy: also boots
 41225 | Swamp:5  | PolkaDot: and I can mange a total of 258 aut
 41225 | Swamp:5  | dondy: lol
 41225 | Swamp:5  | PolkaDot: aum*
 41225 | Swamp:5  | Somebody: Very nice.
 41225 | Swamp:5  | PolkaDot: because 258 is bat form max ;p
 41225 | Swamp:5  | PolkaDot: at this STR :3
 41225 | Swamp:5  | Somebody: Sounds reasonable enough. You are not Ne, after all.
 41225 | Swamp:5  | PolkaDot: I want Haste
 41225 | Swamp:5  | Somebody: I have got +2 Int from the Shining Eye in the Slime.
 41225 | Swamp:5  | PolkaDot: sweet :D
 41225 | Swamp:5  | PolkaDot: what hporrors did it give you with that? :p
 41225 | Swamp:5  | Somebody: Nothing else.
 41225 | Swamp:5  | Somebody: Additionally, immolated simulacra strategy have worked very well with TRJ.
 41225 | Swamp:5  | PolkaDot: excellent
 41225 | Swamp:5  | PolkaDot: I love these spells so much
 41225 | Swamp:5  | dondy: ohhh, that sounds like a excellent plan :o
 41225 | Swamp:5  | PolkaDot: need haste though
 41225 | Swamp:5  | dondy: then train spellcasting? :p
 41225 | Swamp:5  | PolkaDot: A hasted roka would have been glorious earlier
 41225 | Swamp:5  | PolkaDot: :p
 41227 | Swamp:5  | dondy: hmm, your armour, evoc and invoc skills look horrible D:
 41241 | Swamp:5  | PolkaDot: not wearing armour
 41241 | Swamp:5  | Somebody: dondy: You should come and take a look at my skill set. It might expand your vocabulary. :D
 41241 | Swamp:5  | PolkaDot: invoc is not terribly useful with Sif (though ( will want it later for Makhleb)
 41241 | Swamp:5  | Somebody: dondy: Like, you'll find words to characterize it you did not know you've had.
 41241 | Swamp:5  | PolkaDot: evoc could be sueful though
 41241 | Swamp:5  | PolkaDot: useful
 41241 | Swamp:5  | Somebody: PolkaDot: It's terribly useful, if you a *proper* spellcaster. ;)
 41241 | Swamp:5  | PolkaDot: that said, I've covered most evocs available to me with spells
 41241 | Swamp:5  | Somebody: You are doing a good job.
 41241 | Swamp:5  | PolkaDot: I'm alive
 41241 | Swamp:5  | PolkaDot: that's good enough for me xD
 41241 | Swamp:5  | dondy: somebody: will do :)
 41241 | Swamp:5  | PolkaDot: want the decaying rune already though >.>;
 41259 | Swamp:5  | dondy: somebody: can't find you :p
 41269 | Swamp:5  | Somebody: I am here now.
 41278 | Swamp:5  | dondy: ahh
 41282 | Swamp:5  | Somebody: I don't multi-tab.
 41284 | Swamp:5  | Somebody: I have changed my head gear — it's a crown of D... something unpronounceable now.
 41296 | Swamp:5  | dondy: ah, that thing
 41296 | Swamp:5  | dondy: ohhh, vamp cutlass! :)
 41296 | Swamp:5  | PolkaDot: good crown
 41296 | Swamp:5  | dondy: that's neat :)
 41296 | Swamp:5  | PolkaDot: hunger is... eh, manageable
 41296 | Swamp:5  | PolkaDot: but you're with kiku, so no issue ;)
 41296 | Swamp:5  | Somebody: Nevertheless, I have started a ##crawl-pondering-club for those who can appreciate a hat of Pondering, unlike the mainstream of ##crawl. :)
 41296 | Swamp:5  | Somebody: I am also Lichform caster by this point.
 41296 | Swamp:5  | dondy: eep, wat happend?
 41296 | Swamp:5  | PolkaDot: what the hell happened there O.o
 41298 | Swamp:5  | Somebody: You have accidentally pressed something.
 41304 | Swamp:5  | dondy: really dun care for lichform - it's also rather dangerous because no pots
 41304 | Swamp:5  | dondy: also niko-bro
 41304 | Swamp:5  | PolkaDot: Quite
 41304 | Swamp:5  | PolkaDot: I want his cutlass
 41304 | Swamp:5  | dondy: got a resist pot?
 41304 | Swamp:5  | PolkaDot: ...
 41304 | Swamp:5  | dondy: also your mana is low
 41304 | Swamp:5  | PolkaDot: BEST IDEA
 41304 | Swamp:5  | PolkaDot: I saved them ESPECIALLY
 41304 | Swamp:5  | Somebody: I find it to be a very beautiful spell. That is, I plainly like it.
 41304 | Swamp:5  | PolkaDot: How couldI forget xD
 41304 | Swamp:5  | dondy: ...
 41304 | Swamp:5  | PolkaDot: shush you xP
 41304 | Swamp:5  | PolkaDot: I remmebered to save it :p
 41306 | Swamp:5  | dondy: i totally expected you to have left them in lair or smth xD
 41309 | Swamp:5  | dondy: also channel some magics
 41309 | Swamp:5  | PolkaDot: :p
 41328 | Swamp:5  | dondy: i would feel really scared standing over deep water like that
 41328 | Swamp:5  | PolkaDot: I need a better way of doing this
 41328 | Swamp:5  | PolkaDot: I have a *CLOSE* eye on my flight status
 41328 | Swamp:5  | Somebody: Why do you simultaneously complain carrying capacity limit and carry *ten* restore abilities potions?!
 41328 | Swamp:5  | PolkaDot: I complained?
 41328 | Swamp:5  | PolkaDot: I stated :p
 41328 | Swamp:5  | PolkaDot: because knwoing the limit is good
 41328 | Swamp:5  | Somebody: Okay.
 41328 | Swamp:5  | PolkaDot: if I needed something else I'd have ditched them, but it didn't become necvessary so I didn't bother >.>
 41352 | Swamp:5  | Killed Nikola
 41353 | Swamp:5  | dondy: send it away
 41353 | Swamp:5  | PolkaDot: duh :p
 41353 | Swamp:5  | dondy: south
 41353 | Swamp:5  | dondy: not to the stairs ffs
 41357 | Swamp:5  | dondy: lol
 41357 | Swamp:5  | dondy: you're crazy :p
 41357 | Swamp:5  | PolkaDot: Trussst meeee
 41357 | Swamp:5  | PolkaDot: Now he's dealt with the only worry is th eLernaean
 41357 | Swamp:5  | dondy: i tried that, then you killed the VpCj! :p
 41357 | Swamp:5  | PolkaDot: which probs won't leave the rom it's in
 41357 | Swamp:5  | PolkaDot: (it didn't last time I found it)
 41357 | Swamp:5  | PolkaDot: So all I gott do is heal and kill everything else
 41357 | Swamp:5  | PolkaDot: then ninja the rune
 41366 | Swamp:5  | Somebody: How stealthy are you?
 41389 | Swamp:5  | Somebody: I cannot help, but consider the idea of stabbing it. ;)
 41389 | Swamp:5  | PolkaDot: xD
 41389 | Swamp:5  | PolkaDot: not yet
 41407 | Swamp:5  | Somebody: I will certainly try to do it, when I play as VpEn myself. :)
 41420 | Swamp:5  | dondy: <-- gotto win my mibe - keep me updated on ##crawl :)
 41420 | Swamp:5  | PolkaDot: I will, eventually :p
 41421 | Swamp:5  | Somebody: dondy: Good luck.
 41423 | Swamp:5  | Somebody: dondy: Wait.
 41424 | Swamp:5  | PolkaDot: xD
 41442 | Swamp:5  | Somebody: Okay. I'll be back in time.
 41448 | Swamp:5  | PolkaDot: enjoy :)
 41448 | Swamp:5  | Somebody: Take care and don't stab it without me.
 41450 | Swamp:5  | PolkaDot: 'kay ;)
 41453 | Swamp:5  | Somebody: Actually, I can use your opinion on my spell repertoire. Again. :)
 41460 | Swamp:5  | PolkaDot: ^^;
 41460 | Swamp:5  | PolkaDot: decaying rune first ;)
 41462 | Swamp:5  | Somebody: Sure.
 41468 | Swamp:5  | Somebody: Drop me a line when you '!!!!!!' the LH.
 41470 | Swamp:5  | PolkaDot: xD
 41593 | Swamp:5  | Received a gift from Sif Muna
 41607 | Swamp:5  | Reached skill level 5 in Air Magic
 41644 | Swamp:5  | HP: 3/115 [the 27-headed Lernaean hydra (8)]
 41644 | Swamp:5  | Mangled by the 27-headed Lernaean hydra

Action                   |  1- 3 |  4- 6 |  7- 9 | 10-12 | 13-15 | 16-18 || total
-------------------------+-------+-------+-------+-------+-------+-------++-------
Melee: Dagger            |   176 |   271 |   356 |   357 |   753 |    52 ||  1965
       Cutlass           |       |       |   125 |    42 |   328 |   681 ||  1176
Throw: Dart              |       |     5 |       |       |       |       ||     5
 Cast: Confuse           |     2 |    48 |    51 |    11 |    49 |     2 ||   163
       Ensorcelled Hiber |       |       |    15 |   175 |   259 |    94 ||   543
       Invisibility      |       |       |     6 |    26 |    67 |    23 ||   122
       Corona            |       |       |       |     6 |     7 |     8 ||    21
       Enslavement       |       |       |       |     8 |    12 |    14 ||    34
       Sure Blade        |       |       |       |     1 |    26 |    12 ||    39
       Flight            |       |       |       |       |       |     9 ||     9
Invok: Channel Energy    |       |       |     5 |    88 |   158 |   109 ||   360
       Forget Spell      |       |       |       |       |     2 |       ||     2
 Abil: Bottle Blood      |       |     2 |       |     1 |    18 |       ||    21
       Evoke Flight      |       |       |       |     1 |       |       ||     1
       End Transformatio |       |       |       |       |    33 |     3 ||    36
       Bat Form          |       |       |       |       |    33 |     3 ||    36
Evoke: Wand              |       |       |     5 |     2 |     5 |     3 ||    15
  Use: Potion            |     3 |    10 |     1 |     3 |    37 |     7 ||    61
       Scroll            |       |     9 |     9 |     9 |    20 |     6 ||    53
 Stab: Sleeping          |     2 |     7 |    50 |   232 |   361 |   120 ||   772
       Confused          |     2 |    14 |    21 |    10 |    23 |     1 ||    71
       Distracted        |     1 |       |     2 |     2 |     5 |     3 ||    13
       Invisible         |       |       |     8 |    15 |    90 |    65 ||   178
       Betrayed ally     |       |       |       |       |     1 |       ||     1
